 Dungeon Crawl Stone Soup version 0.19.0-24-gb05acd6 (webtiles) character file.

11620 LORDOFBUTT the Cleaver (level 11, -5/111 HPs)
             Began as a Minotaur Berserker on Nov 21, 2016.
             Was a High Priest of Trog.
             Slain by an orc knight
             ... wielding a +0 long sword
              (32 damage)
             ... in a bailey.
             The game lasted 00:14:50 (8844 turns).

LORDOFBUTT the Cleaver (Minotaur Berserker)         Turns: 8844, Time: 00:14:52

Health: -5/111     AC: 10    Str: 22    XL:     11   Next: 51%
Magic:  3/3        EV: 16    Int:  6    God:    Trog [*****.]
Gold:   653        SH:  0    Dex: 13    Spells: 0 memorised, 10 levels left

rFire  . . .     SeeInvis +     M - +5 battleaxe (antimagic)
rCold  . . .     Gourm    .     C - +0 ring mail
rNeg   . . .     Faith    .     (shield currently unavailable)
rPois  .         Spirit   .     B - +2 hat
rElec  .         Reflect  .     (no cloak)
rCorr  .         Harm     .     r - +0 pair of gloves
MR     .....                    (no boots)
Stlth  +.........               (no amulet)
                                (no ring)
                                w - ring of see invisible

@: no status effects
A: retaliatory headbutt, horns 2, talons 1, clever 1, robust 1, subdued magic 1
a: Berserk, Trog's Hand, Brothers in Arms, Burn Spellbooks, Renounce Religion


You were in a bailey.
You worshipped Trog.
Trog was extremely pleased with you.
You were not hungry.

You visited 1 branch of the dungeon, and saw 10 of its levels.
You also visited: Bailey.

You collected 653 gold pieces.

Inventory:

Hand Weapons
 M - a +5 antimagic battleaxe (weapon)
Armour
 r - a +0 pair of gloves (worn)
 B - a +2 hat (worn)
 C - a +0 ring mail (worn)
Jewellery
 f - an uncursed amulet of rage
 k - an uncursed ring of flight
 w - a ring of see invisible (left hand)
 N - a +5 ring of intelligence {unknown}
Wands
 g - a wand of acid (6/15)
 u - a wand of slowing (33/48)
 v - a wand of lightning (15/15)
Scrolls
 d - 2 scrolls of enchant weapon
 e - 3 scrolls of recharging
 h - 4 scrolls of random uselessness
 i - 2 scrolls of fog {unknown}
 j - 3 scrolls of blinking {unknown}
 l - a scroll of magic mapping {unknown}
 m - 3 scrolls of immolation
 s - 7 scrolls of teleportation
 y - 2 scrolls of noise {unknown}
 A - 2 scrolls of enchant armour
 E - 6 scrolls of remove curse
 I - a scroll of fear {unknown}
 J - 2 scrolls of holy word {unknown}
 L - 2 scrolls of identify
Potions
 n - a potion of lignification
 o - a potion of degeneration
 q - 2 potions of agility
 t - 2 potions of magic
 x - a potion of flight
 z - a potion of brilliance
 D - 2 potions of berserk rage
 H - 5 potions of curing
 K - a potion of ambrosia {unknown}
Books
 F - a book of Misfortune

   Spells                             Type                      Level
   a - Confusing Touch                Hexes                        1
   b - Confuse                        Hexes                        3
   c - Gell's Gravitas                Hexes/Translocation          3
   d - Petrify                        Transmutation/Earth          4
   e - Metabolic Englaciation         Hexes/Ice                    5
   f - Yara's Violent Unravelling     Hexes/Transmutation          5
   Trog disapproves of the use of such an item.
Comestibles
 a - 7 chunks of flesh
 b - a royal jelly
 c - 8 bread rations
 p - 5 meat rations


   Skills:
 + Level 10.5 Fighting
 * Level 14.1 Axes
 + Level 9.9 Armour
 + Level 9.2 Dodging


You had 10 spell levels left.
You didn't know any spells.

Dungeon Overview and Level Annotations

Branches:
Dungeon (10/15)            Temple (0/1) D:6            Lair (0/6) D:10
    Orc: D:9-12

Altars:
Ashenzari
Cheibriados
Dithmenos
Elyvilon
Fedhas
Gozag
Hepliaklqana
Nemelex Xobeh
Okawaru
Uskayaw
Vehumet
Zin
The Shining One

Shops:
D:7 !


Innate Abilities, Weirdness & Mutations

You reflexively headbutt those who attack you in melee.
You have a pair of horns on your head.
You have sharp toenails.
Your mind is acute. (Int +2)
You are robust. (+10% HP)
Your spells are a little easier to cast, but a little less powerful.


Message History

* * * LOW HITPOINT WARNING * * *
Okay, then.
The orc knight hits you with a long sword.
* * * LOW HITPOINT WARNING * * *
You see here a tomahawk of returning.
There is an open door here.
You see here a tomahawk of returning.
You are too injured to fight recklessly!
You are too injured to fight recklessly!
You feel much better.
The orc knight hits you with a long sword!
* * * LOW HITPOINT WARNING * * *
Okay, then.
Your ogre goes berserk!
You feel somewhat more hungry. The orc knight barely misses you.
You furiously retaliate!
You headbutt the orc knight! The kobold hits your ogre.
The gnoll hits your ogre with a halberd of electrocution.
The orc knight hits you with a long sword!!
You die...

##### ### ##
#.((###.# #.#
#'###)##'##'# gg
##g....# ..g
###.g...### ..⌠
#.'..)g.'.# ..
###..)gO### .
#.))Ko## '#
#'##'##@## #g#.#
#.###.# # ### ####
### #'# ###.###.#.#
#.###.#
'##'##'###'##'##'##
#.....## #.....##
#.....#####.....###
'.(∩..'.#.'..⌠..'.#
#.(...#####)(...###


You could see an orc knight (berserk), 3 gnolls, a hobgoblin, a kobold and a
friendly ogre (berserk).

Vanquished Creatures
  Erica (D:8)
  The ghost of LORDOFBUTT the Cleaver, a novice MiBe of Trog (D:10)
  Urug (D:10)
  The ghost of avis the Covert, a novice NaIE of Vehumet (Bailey)
  The ghost of Eviona the Changer, a novice DgTm (D:6)
  Psyche (D:9)
  A komodo dragon (D:8)
  A troll (D:9)
  A hippogriff (D:9)
  A spriggan (D:7)
  Sigmund (D:6)
  2 wyverns
  8 yaks
  A steam dragon (D:9)
  The ghost of Hiru the Charmwright, an amateur FoSk of Cheibriados (D:5)
  A hungry ghost (D:10)
  Grum (D:10)
  2 wargs (D:10)
  Edmund (D:5)
  A water moccasin (D:5)
  Duvessa (D:4)
  3 ice beasts
  4 orc warriors
  4 sky beasts
  A black bear (D:8)
  A phantom (D:9)
  A necrophage (D:3)
  2 centaurs
  3 ogres
  3 wolves (D:10)
  3 bullfrogs
  A big kobold (D:9)
  A gnoll sergeant (D:9)
  A wyvern zombie (D:9)
  Dowan (D:4)
  14 killer bees
  9 wights
  3 howler monkeys
  2 crimson imps
  A bullfrog zombie (D:5)
  A centaur zombie (D:9)
  3 hounds
  2 jellies (D:7)
  2 orc priests
  7 orc wizards
  A bullfrog skeleton (D:6)
  2 centaur skeletons
  4 iguanas
  5 worker ants
  A hound zombie (D:10)
  3 hound skeletons
  Robin (D:4)
  18 gnolls
  4 adders
  A howler monkey skeleton (D:7)
  3 shadow imps
  3 oozes
  An adder zombie (D:7)
  A dart slug (D:3)
  2 leopard geckos
  24 orcs
  A giant cockroach (D:4)
  21 goblins
  16 hobgoblins
  5 jackals
  7 quokkas
  3 ball pythons
  10 bats
  4 frilled lizards
  A jackal skeleton (D:5)
  26 kobolds
  2 quokka skeletons
  12 rats
285 creatures vanquished.

Notes
Turn   | Place    | Note
-------+----------+-------------------------------------------
     0 | D:1      | LORDOFBUTT the Minotaur Berserker began the quest for the Orb.
     0 | D:1      | Reached XP level 1. HP: 19/19 MP: 0/0
   130 | D:1      | Reached skill level 4 in Axes
   130 | D:1      | Reached XP level 2. HP: 19/27 MP: 1/1
   610 | D:1      | Reached XP level 3. HP: 30/33 MP: 2/2
   837 | D:2      | Found a glowing silver altar of Zin.
   838 | D:2      | Found an opulent altar of Gozag.
   870 | D:2      | Reached ** piety under Trog
   873 | D:2      | Found a faded altar of an unknown god.
  1180 | D:3      | Noticed a necrophage
  1180 | D:3      | Reached XP level 4. HP: 38/41 MP: 3/3
  1188 | D:3      | Reached skill level 5 in Axes
  1191 | D:3      | Killed a necrophage
  1191 | D:3      | Reached XP level 5. HP: 39/47 MP: 4/4
  1194 | D:3      | Reached skill level 6 in Axes
  1566 | D:3      | Reached skill level 5 in Fighting
  1655 | D:4      | Noticed Robin
  1664 | D:4      | Killed Robin
  1664 | D:4      | Reached *** piety under Trog
  2041 | D:4      | Noticed Duvessa
  2043 | D:4      | Noticed Dowan
  2053 | D:4      | Killed Duvessa
  2053 | D:4      | Reached XP level 6. HP: 56/56 MP: 5/5
  2054 | D:4      | Killed Dowan
  2141 | D:4      | Found a sparkling altar of Nemelex Xobeh.
  2353 | D:5      | Entered Level 5 of the Dungeon
  2354 | D:5      | Noticed Hiru's ghost (amateur FoSk)
  2365 | D:5      | Killed Hiru's ghost
  2365 | D:5      | Reached skill level 7 in Axes
  2365 | D:5      | Reached XP level 7. HP: 57/61 MP: 6/6
  2445 | D:5      | Found a glowing golden altar of the Shining One.
  2567 | D:5      | Noticed Edmund
  2586 | D:5      | Killed Edmund
  3112 | D:5      | Reached skill level 8 in Axes
  3305 | D:6      | Noticed Sigmund
  3322 | D:6      | Reached skill level 5 in Armour
  3322 | D:6      | Reached XP level 8. HP: 52/71 MP: 7/7
  3330 | D:6      | Killed Sigmund
  3330 | D:6      | Reached skill level 5 in Dodging
  3469 | D:6      | Reached skill level 9 in Axes
  3527 | D:6      | Reached **** piety under Trog
  3750 | D:6      | Found a staircase to the Ecumenical Temple.
  3756 | D:6      | Noticed Eviona's ghost (novice DgTm)
  3775 | D:6      | Killed Eviona's ghost
  3775 | D:6      | Reached skill level 10 in Axes
  3775 | D:6      | Reached XP level 9. HP: 79/79 MP: 8/8
  4228 | D:6      | Found an iron altar of Okawaru.
  4882 | D:7      | Gained mutation: You are agile. (Dex +2) [mutagenic meat]
  4883 | D:7      | Gained mutation: You have sharp toenails. [mutagenic meat]
  4884 | D:7      | Gained mutation: Your spells are a little easier to cast, but a little less powerful. [mutagenic meat]
  4885 | D:7      | Gained mutation: Your mind is acute. (Int +2) [mutagenic meat]
  4886 | D:7      | Lost mutation: You are agile. (Dex +2) [mutagenic meat]
  4887 | D:7      | Gained mutation: You are robust. (+10% HP) [mutagenic meat]
  4911 | D:7      | Found a shattered altar of Ashenzari.
  4987 | D:7      | Found Milamura's Distillery.
  5366 | D:7      | Found a snail-covered altar of Cheibriados.
  5368 | D:7      | Found a hide-covered altar of Uskayaw.
  5532 | D:7      | Reached skill level 11 in Axes
  5626 | D:7      | Found a shadowy altar of Dithmenos.
  5626 | D:7      | Found a white marble altar of Elyvilon.
  5746 | D:8      | Found a radiant altar of Vehumet.
  5747 | D:8      | Noticed Erica
  5753 | D:8      | Noticed a komodo dragon
  5756 | D:8      | Killed Erica
  5756 | D:8      | Reached XP level 10. HP: 46/99 MP: 9/9
  6592 | D:8      | Found a hazy altar of Hepliaklqana.
  6793 | D:9      | Reached skill level 12 in Axes
  6906 | D:9      | Reached ***** piety under Trog
  7378 | D:9      | Received a gift from Trog
  7645 | D:9      | Found a blossoming altar of Fedhas.
  7804 | D:9      | Noticed Psyche
  7811 | D:9      | Killed Psyche
  7841 | D:9      | Reached skill level 13 in Axes
  7952 | D:10     | Entered Level 10 of the Dungeon
  7952 | D:10     | Found a staircase to the Lair.
  7961 | D:10     | Reached XP level 11. HP: 108/108 MP: 3/10
  8036 | D:10     | Reached skill level 10 in Fighting
  8119 | D:10     | Noticed LORDOFBUTT's ghost (novice MiBe)
  8140 | D:10     | Killed LORDOFBUTT's ghost
  8206 | D:10     | Noticed Urug
  8217 | D:10     | HP: 6/165 [Urug/enchanted eveningstar (23)]
  8218 | D:10     | Killed Urug
  8306 | D:10     | Noticed Grum
  8315 | D:10     | Killed Grum
  8382 | D:10     | Found a flagged portal.
  8485 | Bailey   | Entered a bailey
  8529 | Bailey   | Noticed avis's ghost (novice NaIE)
  8539 | Bailey   | Killed avis's ghost
  8539 | Bailey   | Reached skill level 14 in Axes
  8830 | Bailey   | Noticed an orc knight
  8844 | Bailey   | Slain by an orc knight

Skill      XL: |  1  2  3  4  5  6  7  8  9 10 11 |
---------------+----------------------------------+-----
Axes           | 4 5 6 7 8 10 11 13 14 | 14.1
Fighting       | 4 5 6 7 8 9 10 | 10.5
Dodging        | 3 4 6 7 8 9 |  9.2
Armour         | 3 5 6 7 9 |  9.9

Action                   |  1- 3 |  4- 6 |  7- 9 | 10-12 || total
-------------------------+-------+-------+-------+-------++-------
Melee: Hand axe          |    76 |    68 |   277 |   111 ||   532
       Headbutt          |    14 |     7 |    59 |    67 ||   147
       Kick              |       |       |    22 |   100 ||   122
       Battleaxe         |       |       |       |   198 ||   198
Invok: Berserk           |       |     3 |     4 |     5 ||    12
       Burn Spellbooks   |       |     1 |     1 |       ||     2
       Brothers in Arms  |       |       |       |     1 ||     1
  Use: Potion            |       |       |     4 |     3 ||     7
       Scroll            |       |       |    14 |     3 ||    17
 Stab: Invisible         |       |       |       |     2 ||     2
  Eat: Chunk             |       |     8 |    12 |     8 ||    28
       Pizza             |       |       |     1 |       ||     1
       Bread ration      |       |       |     2 |     1 ||     3
       Beef jerky        |       |       |     1 |       ||     1
Armor: Animal skin       |    12 |       |       |       ||    12
       Ring mail         |     4 |    29 |    77 |    81 ||   191
Dodge: Dodged            |    45 |    33 |   144 |   266 ||   488
